 Dungeon Crawl Stone Soup version 0.29-a0-819-g94b489e0ae (webtiles) character file.

Game seed: 15424019856971373982

100 Colgate the Sneak (level 5, -1/32 HPs)
             Began as a Kobold Brigand on July 6, 2022.
             Was an Initiate of Gozag.
             Slain by a hobgoblin (5 damage)
             ... led by Robin
             ... on level 2 of the Dungeon.
             The game lasted 00:06:16 (1656 turns).

Colgate the Sneak (Kobold Brigand)                  Turns: 1656, Time: 00:06:17

Health: -1/32      AC:  3    Str:  8    XL:     5   Next: 3%
Magic:  5/5        EV: 15    Int: 12    God:    Gozag
Gold:   256        SH:  0    Dex: 19    Spells: 4/4 levels left

rFire   . . .      SeeInvis .   a - +2 dagger
rCold   . . .      Faith    .   (no shield)
rNeg    . . .      Spirit   .   b - +0 robe
rPois   .          Reflect  .   (no helmet)
rElec   .          Harm     .   c - +0 cloak
rCorr   .          Rampage  .   (no gloves)
Will    .....                   (no boots)
Stlth   ++++......              (no amulet)
HPRegen 0.10/turn               (no ring)
MPRegen 0.09/turn               (no ring)

@: gold aura
A: small, no large weapons, nightstalker 3
a: Renounce Religion, Potion Petition, Call Merchant, Bribe Branch


You were on level 2 of the Dungeon.
You worshipped Gozag.
Gozag was aware of your devotion.
You visited 1 branch of the dungeon, and saw 2 of its levels.

You collected 256 gold pieces.

Inventory:

Hand Weapons
 a - a +2 dagger (weapon)
 j - a +0 sling
Missiles
 d - 9 poisoned darts (quivered)
 e - 3 curare-tipped darts
Armour
 b - a +0 robe (worn)
 c - a +0 cloak (worn)
Scrolls
 g - a scroll of enchant weapon {unknown}
 h - a scroll of blinking {unknown}
 i - a scroll of brand weapon {unknown}
 k - a scroll of identify {unknown}
 l - a scroll of immolation {unknown}
Potions
 f - a potion of flight {unknown}
 m - 2 potions of lignification {unknown}


   Skills:
 + Level 3.5 Fighting
 - Level 4.0 Short Blades
 - Level 2.1 Throwing
 - Level 2.5 Dodging
 - Level 6.0 Stealth


You had 4 spell levels left.
You didn't know any spells.
Your spell library contained the following spells:

 Spells                   Type           Power      Damage    Failure   Level
 Beastly Appendage        Tmut           0%         N/A       32%         1
 Sandblast                Erth           0%         2d4       32%         1
 Wereblood                Tmut           0%         N/A       45%         2
 Spider Form              Tmut/Pois      0%         N/A       69%         3


Dungeon Overview and Level Annotations

Branches:
Dungeon (2/15)

Altars:
Gozag


Innate Abilities, Weirdness & Mutations

You are small and have problems with some larger weapons.
You are completely attuned to the shadows.


Message History

You hit Robin. Robin throws the goblin at you!
The goblin hits you but does no damage.
You hit Robin. Robin hits you with a +0 mace.
The goblin hits you with a +0 dagger.
You hit Robin.
Robin says, "My army is invincible!"
Robin hits you with a +0 mace. The goblin hits you with a +0 dagger.
You hit Robin but do no damage. Robin barely misses you.
The goblin completely misses you.
You barely miss Robin. You hit Robin but do no damage.
Robin hits you with a +0 mace.
* * * LOW HITPOINT WARNING * * *
The goblin hits you but does no damage.
You hit Robin. Robin hits you with a +0 mace.
* * * LOW HITPOINT WARNING * * *
The goblin misses you.
You hit Robin.
The goblin no longer looks unusually strong.
Robin misses you. The goblin closely misses you.
You hit Robin.
The goblin no longer looks unusually strong.
The rat is distracted by your dazzling golden aura.
Robin roars a battlecry!
The goblins go into a battle-frenzy!
The goblin hits you but does no damage.
You hit Robin.
You kill Robin!
You have reached level 5!
You feel agile.
You hit the goblin. The goblin hits you with a +0 dagger.
* * * LOW HITPOINT WARNING * * *
You hit the goblin.
You kill the goblin!
The hobgoblin barely misses you. The hobgoblin attacks as you move away!
The hobgoblin closely misses you.
Items here: $ ))).
The hobgoblin attacks as you move away! The hobgoblin barely misses you.
The hobgoblin attacks as you move away! The hobgoblin hits you.
You die...
Your body crumbles into a pile of gold.

#..#...#. #..#.....#.#
.###.####.#.#.#
............#.#
......#.##..#.#
......#..g....#
##########..#.#
#######..#.#######
#..........@g$)gr#
#........#######$#
#.........#...)$)#
#.........#.##g#g#
#.......#....rg..#
#####.......#...#..g.##
#......#######...g....#
#......# #...#...##
#......# #####.....<.#


You could see a hobgoblin (strong) and a goblin (strong).

Vanquished Creatures
  Natasha (D:2)
  Robin (D:2)
  An adder (D:2)
  2 dart slugs (D:1)
  5 ball pythons
  4 bats (D:1)
  3 endoplasms (D:1)
  2 giant cockroaches (D:1)
  11 goblins
  3 hobgoblins
  3 jackals (D:1)
  3 quokkas (D:1)
  A frilled lizard (D:1)
  2 kobolds (D:1)
  3 rats
45 creatures vanquished.

Notes
Turn   | Place    | Note
-------+----------+-------------------------------------------
     0 | D:1      | Colgate the Kobold Brigand began the quest for the Orb.
     0 | D:1      | Reached XP level 1. HP: 12/12 MP: 1/1
   159 | D:1      | Reached XP level 2. HP: 10/17 MP: 2/2
   434 | D:1      | Found a faded altar of an unknown god.
   439 | D:1      | Got Plato's Encyclopedia of Metal
   440 | D:1      | Prayed at the altar of an unknown god.
   440 | D:1      | Became a worshipper of Gozag Ym Sagoz the Greedy
   588 | D:1      | Reached XP level 3. HP: 11/21 MP: 3/3
   830 | D:1      | Reached skill level 6 in Stealth
  1135 | D:2      | Reached XP level 4. HP: 27/27 MP: 4/4
  1257 | D:2      | Noticed Natasha
  1261 | D:2      | Killed Natasha
  1306 | D:2      | Noticed Robin
  1650 | D:2      | Killed Robin
  1651 | D:2      | Reached XP level 5. HP: 4/32 MP: 5/5
  1656 | D:2      | Slain by a hobgoblin

Illustrated notes

Levels and vault maps discovered:
D:1:      ncdulo_wetmaze, layout_loops_ring, shapermc_ecumenical_altar_rom_forum
D:2:      layout_basic, uniq_natasha, uniq_robin

Skill      XL: |  1  2  3  4 |
---------------+-------------+-----
Short Blades   | 3 4 |  4.0
Stealth        | 6 |  6.0
Fighting       | 3 |  3.5
Dodging        | 2 |  2.5
Throwing       | |  2.1

Action                   |  1- 3 |  4- 6 || total
-------------------------+-------+-------++-------
Melee: Dagger            |    64 |    38 ||   102
 Stab: Sleeping          |    18 |     4 ||    22
       Distracted        |       |     1 ||     1
Armor: Robe              |    15 |    11 ||    26
Dodge: Dodged            |    52 |    26 ||    78

Table legend: (Time is in decaauts)
 A = Elapsed time spent in this place.
 B = Non-inter-level travel time spent in this place.
 C = Inter-level travel time spent in this place.
 D = Time resting spent in this place.
 E = Time spent auto-exploring this place.
 F = Levels seen in this place.
 G = Mean time per level.
                   A        B        C        D        E       F      G
               +--------+--------+--------+--------+--------+-----+--------+
         Total |   1647 |   1626 |     21 |    221 |   1091 |   2 |  823.5 |
       Dungeon |   1647 |   1626 |     21 |    221 |   1091 |   2 |  823.5 |
               +--------+--------+--------+--------+--------+-----+--------+

Top non-repeatable levels by time:
     D:1: 1338 daAuts
     D:2: 308 daAuts
